 Dungeon Crawl Stone Soup version 0.27-a0-972-gd1521fd518 (webtiles) character file.

Game seed: 15482359077737234593

168 polve the Cutter (level 5, -2/41 HPs)
             Began as a Demonspawn Abyssal Knight on Apr 13, 2021.
             Was a Believer of Lugonu.
             Slain by an iguana (12 damage)
             ... on level 3 of the Dungeon.
             The game lasted 00:02:26 (3539 turns).

polve the Cutter (Demonspawn Abyssal Knight)        Turns: 3539, Time: 00:02:27

Health: -2/41      AC:  6    Str: 14    XL:     5   Next: 23%
Magic:  6/6        EV:  9    Int: 13    God:    Lugonu [**....]
Gold:   177        SH:  0    Dex: 12    Spells: 4/4 levels left

rFire    + . .     SeeInvis .   a - +1 short sword
rCold    . . .     Faith    .   (no shield)
rNeg     . . .     Spirit   .   h - +0 scale mail
rPois    +         Reflect  .   (helmet restricted)
rElec    .         Harm     .   (no cloak)
rCorr    .         Rampage  .   (no gloves)
Will     .....                  (no boots)
Stlth    ..........             (no amulet)
HPRegen  0.13/turn              e - ring of poison resistance
MPRegen  0.10/turn              r - ring of protection from fire

@: no status effects
A: antennae 1
a: Renounce Religion, Depart the Abyss, Bend Space


You were on level 3 of the Dungeon.
You worshipped Lugonu.
Lugonu was pleased with you.
You visited 1 branch of the dungeon, and saw 4 of its levels.
You visited the Abyss 1 time.

You collected 177 gold pieces.

Inventory:

Hand Weapons
 a - a +1 short sword (weapon)
Armour
 b - a +0 leather armour
 h - a +0 scale mail (worn)
 i - a +0 pair of gloves
Jewellery
 e - a ring of poison resistance (left hand)
 r - a ring of protection from fire (right hand)
Scrolls
 c - a scroll of summoning {unknown}
 d - 4 scrolls of identify {unknown}
 g - 2 scrolls of fog {unknown}
 j - a scroll of teleportation {unknown}
 n - a scroll of enchant weapon {unknown}
 o - a scroll of blinking {unknown}
 p - a scroll of noise {unknown}
 q - a scroll of magic mapping {unknown}
Potions
 f - 2 potions of attraction {unknown}
 k - 2 potions of degeneration {unknown}
 l - a potion of invisibility {unknown}
 m - a potion of ambrosia {unknown}
 s - a potion of lignification {unknown}
 t - a potion of brilliance {unknown}
 u - a potion of curing {unknown}


   Skills:
 - Level 3.0 Fighting
 + Level 5.0 Short Blades
 - Level 1.7 Armour
 - Level 0.8 Dodging
 - Level 2.4 Invocations


You had 4 spell levels left.
You didn't know any spells.
Your spell library contained the following spells:

 Spells                   Type           Power      Damage    Failure   Level
 Confusing Touch          Hex            0%         N/A       98%         3
 Gell's Gravitas          Tloc           0%         N/A       98%         3
 Petrify                  Tmut/Erth      0%         N/A       100%        4
 Metabolic Englaciation   Hex/Ice        0%         N/A       100%        5
 Yara's Violent Unravell  Hex/Tmut       0%         3d3       100%        5


Dungeon Overview and Level Annotations

Branches:
Dungeon (4/15)
 Temple: D:4-7

Altars:
Uskayaw
Wu Jian

Annotations:
D:4 3 runed translucent doors, Karim's ghost, weakling GnDe


Innate Abilities, Weirdness & Mutations

You have a pair of small antennae on your head.


Message History

You hit the iguana but do no damage.
The iguana is moderately wounded.
You hit the iguana but do no damage.
The iguana is moderately wounded.
The iguana completely misses you.
You completely miss the iguana.
The iguana is moderately wounded.
The iguana bites you.
The ogre hits you with a +0 giant club!!
Ouch! That really hurt!
The iguana bites you.
* * * LOW HITPOINT WARNING * * *
The black bear growls angrily.
Karim's ghost turns its malevolent gaze towards you.
The quokka twitches its whiskers.
The hound barks!
The black bear growls angrily.
The quokka twitches its whiskers.
The iguana hisses menacingly.
There is an open door here.
There is a stone staircase leading up here.
The iguana barely misses you.
You climb upwards.
There is a stone staircase leading down here.
You closely miss the iguana.
The iguana is moderately wounded.
The iguana bites you.
You barely miss the iguana.
The iguana is moderately wounded.
The iguana misses you.
You hit the iguana but do no damage.
The iguana is moderately wounded.
The iguana closely misses you.
You hit the iguana.
The iguana is severely wounded.
The iguana bites you.
* * * LOW HITPOINT WARNING * * *
You hit the iguana but do no damage.
The iguana is severely wounded.
The iguana bites you!
You die...

####### #.....#
#.....# ###.....#
#.......# ###
#....#### #..
###....##### #..
#@'........# #..
###l#.....##.## #..
#.............####..
#...........).......
#.....###......##...
#.....# #....#.##...
####### #....#..#...
#.#####.#...
########.#####.#...


You could see an iguana.

Vanquished Creatures
  A bullfrog zombie (D:4)
  Natasha (twice) (D:3)
  An adder (D:2)
  2 dart slugs
  7 ball pythons
  8 bats
  A bat zombie (D:2)
  5 endoplasms
  4 giant cockroaches
  5 goblins
  5 hobgoblins
  6 jackals (D:1)
  3 quokkas
  3 frilled lizards
  7 kobolds
  11 rats
71 creatures vanquished.

Notes
Turn   | Place    | Note
-------+----------+-------------------------------------------
     0 | Abyss:1  | polve the Demonspawn Abyssal Knight began the quest for the
                  | Orb.
     0 | Abyss:1  | Reached XP level 1. HP: 18/18 MP: 2/2
    47 | Abyss:1  | Noticed a large abomination
    48 | D:1      | Escaped the Abyss
    79 | D:1      | Reached skill level 2 in Short Blades
   153 | D:1      | Reached * piety under Lugonu
   376 | D:1      | Gained mutation: You have a pair of small antennae on your
                  | head. [demonic ancestry]
   376 | D:1      | Reached XP level 2. HP: 14/24 MP: 3/3
   677 | D:1      | Reached skill level 3 in Short Blades
   914 | D:1      | Reached XP level 3. HP: 29/29 MP: 4/4
  1322 | D:1      | Reached ** piety under Lugonu
  2201 | D:3      | Reached XP level 4. HP: 33/35 MP: 5/5
  2227 | D:3      | Reached skill level 4 in Short Blades
  2332 | D:3      | Noticed Natasha
  2334 | D:3      | Found an ornate altar of the Wu Jian Council.
  2347 | D:3      | Killed Natasha
  2462 | D:3      | Noticed a +0 falchion
  2462 | D:3      | Noticed a +0 short sword
  2462 | D:3      | Noticed a +0 short sword
  2463 | D:3      | Noticed a +0 dagger
  2463 | D:3      | Noticed a +0 falchion
  2464 | D:3      | Noticed a +0 spear
  2466 | D:3      | Noticed a +0 spear
  2466 | D:3      | Noticed a +0 dagger
  2552 | D:3      | Found a hide-covered altar of Uskayaw.
  2886 | D:3      | Found a faded altar of an unknown god.
  2893 | D:3      | Noticed Natasha
  2901 | D:3      | Killed Natasha
  3180 | D:4      | Found a runed translucent gate.
  3180 | D:4      | Found a runed translucent gate.
  3180 | D:4      | Found a runed translucent gate.
  3188 | D:4      | Noticed a black bear
  3192 | D:4      | Noticed Karim's ghost (weakling GnDe)
  3192 | D:4      | Noticed a black bear
  3257 | D:4      | Reached skill level 5 in Short Blades
  3257 | D:4      | Reached XP level 5. HP: 34/41 MP: 6/6
  3483 | D:4      | Noticed an ogre
  3539 | D:3      | Slain by an iguana

Illustrated notes

Levels and vault maps discovered:
D:1:      dpeg_arrival_arbitrary_a, layout_basic
D:2:      layout_rooms, minmay_strange_pillars, hangedman_decor_clover_reticule,
          minivault_26, minmay_quantized
D:3:      layout_basic, nzn_wu_jian_council_hall, nicolae_uskayaw_en_pointe,
          chequers_ecumenical_altar_twisty, nrook_campfire, uniq_natasha
D:4:      layout_basic, gammafunk_ghost_split

Skill      XL: |  1  2  3  4 |
---------------+-------------+-----
Short Blades   | 2 3 5 |  5.0
Fighting       | |  3.0
Armour         | |  1.7
Dodging        | |  0.8
Invocations    | |  2.4

Action                   |  1- 3 |  4- 6 || total
-------------------------+-------+-------++-------
Melee: Short sword       |   213 |    98 ||   311
Invok: Depart the Abyss  |     1 |       ||     1
Armor: Leather armour    |    42 |       ||    42
       Scale mail        |    67 |    27 ||    94
Dodge: Dodged            |   122 |    43 ||   165

Table legend: (Time is in decaauts)
 A = Elapsed time spent in this place.
 B = Non-inter-level travel time spent in this place.
 C = Inter-level travel time spent in this place.
 D = Time resting spent in this place.
 E = Time spent auto-exploring this place.
 F = Levels seen in this place.
 G = Mean time per level.
                   A        B        C        D        E       F      G
               +--------+--------+--------+--------+--------+-----+--------+
         Total |   3517 |   3374 |    143 |      0 |   2777 |   5 |  703.4 |
       Dungeon |   3469 |   3326 |    143 |      0 |   2730 |   4 |  867.2 |
         Abyss |     48 |     48 |      0 |      0 |     47 |   1 |   48.0 |
               +--------+--------+--------+--------+--------+-----+--------+

Top non-repeatable levels by time:
     D:1: 1405 daAuts
     D:3: 1024 daAuts
     D:2: 680 daAuts
     D:4: 358 daAuts
 Abyss:1: 48 daAuts
